 Dungeon Crawl Stone Soup version 0.30-b1-2-g02819fbbbe (webtiles) character file.

Game seed: 14833119048461610509

318 sanka the Magician (level 6, -3/33 HPs)
             Began as a Deep Elf Transmuter on May 10, 2023.
             Slain by a gnoll
             ... wielding a +0 whip
             ... led by a gnoll bouda
              (6 damage)
             ... on level 6 of the Dungeon.
             The game lasted 00:08:16 (4155 turns).

sanka the Magician (Deep Elf Transmuter)            Turns: 4155, Time: 00:08:17

Health: -3/33      AC:  2    Str:  7    XL:     6   Next: 21%
Magic:  11/18      EV: 20    Int: 20    God:
Gold:   176        SH:  0    Dex: 20    Spells: 12/20 levels left

rFire   . .          .
                       - Unarmed
rCold   . . .        k - melded orb {light}
rNeg    . . .        a - melded +0 robe
rPois   x            (helmet currently unavailable)
rElec   .            (cloak currently unavailable)
rCorr   .            (gloves currently unavailable)
SInv    .            p - melded +0 pair of boots
Will    .....        (no amulet)
Stlth   ++           (no ring)
HPRegen 0.25/turn    (no ring)
MPRegen 0.16/turn

%: no passive effects
@: spider-form (expiring), weakened, immotile
A: venomous fangs, tiny
a: End Transformation


You were on level 6 of the Dungeon.
You were a venomous arachnid creature.
You visited 1 branch of the dungeon, and saw 5 of its levels.

You collected 176 gold pieces.

Inventory:

Missiles
 g - a throwing net {=f}
Armour
 a - a +0 robe (melded)
 k - an orb of light (melded)
 p - a +0 pair of boots (melded)
Jewellery
 c - a ring of fire
 j - a ring of protection from fire
Wands
 l - a wand of flame (35)
Scrolls
 d - 4 scrolls of identify {unknown}
 m - a scroll of amnesia {unknown}
 o - a scroll of noise {unknown}
 q - 2 scrolls of blinking {unknown}
 r - a scroll of torment {unknown}
Potions
 b - a potion of lignification {!q}
 e - 3 potions of might {unknown}
 f - 2 potions of degeneration {unknown}
 h - 2 potions of ambrosia {unknown}
 i - a potion of magic {unknown}
 n - a potion of curing {unknown}


   Skills:
 + Level 0.8 Fighting
 + Level 2.4 Dodging
 - Level 2.4 Unarmed Combat
 + Level 7.9 Spellcasting
 - Level 3.0 Transmutations
 - Level 2.0 Poison Magic


You had 12 spell levels left.
You knew the following spells:

 Your Spells              Type           Power      Damage    Failure   Level
a - Beastly Appendage     Tmut           40%        N/A       10%         1
b - Spider Form           Tmut/Pois      18%        N/A       22%         3
c - Momentum Strike       Conj/Tloc      14%        3d8       30%         2
d - Call Imp              Summ           14%        N/A       30%         2

Your spell library contained the following spells:

 Spells                   Type           Power      Damage    Failure   Level
 Wereblood                Tmut           20%        N/A       12%         2
 Magic Dart               Conj           28%        1d4       22%         1
 Blink                    Tloc           14%        N/A       30%         2
 Lesser Beckoning         Tloc           14%        N/A       30%         2
 Mephitic Cloud           Conj/Pois/Air  10%        N/A       38%         3
 Ice Form                 Ice/Tmut       14%        N/A       63%         4


Dungeon Overview and Level Annotations

Branches:
Dungeon (4/15)
 Temple: D:4-7

Altars:


Message History

Aim: a gnoll bouda, wielding a +0 club and wearing a +0 robe (haloed, 82% to hit)
The concentrated momentum hits the gnoll bouda!
The gnoll bouda is heavily wounded.
You are unable to move.
The gnoll bouda gazes fiercely through you!
You feel your attacks grow feeble.
The gnoll bouda hits you with a +0 club!
The gnoll misses you.
Unknown command.
Unknown command.
Casting: Momentum Strike (safe; 13% risk of failure)
Confirm with . or Enter, or press ? or * to list all spells.
A tiny devil pulls itself out of the air.
The gnoll barely misses you.
A gnoll comes into view. It is wielding a +0 flail.
The gnoll bouda barks out a call to the hunt!
The gnolls pick up the pace!
Unknown command.
Casting: Call Imp (safe; 13% risk of failure)
Confirm with . or Enter, or press ? or * to list all spells.
The spell is quite dangerous to miscast (9% risk of failure)!
Continue anyway?
You turn into a venomous arachnid creature.
Your +0 pair of boots melds into your body.
Your orb of light melds into your body.
Your +0 robe melds into your body.
Your transformation is almost over.
Your cerulean imp hits the gnoll bouda but does no damage.
The gnoll hits you from afar with a +0 halberd!
Unknown command.
Unknown command.
You hit the gnoll bouda.
The gnoll bouda is poisoned.
The gnoll bouda is heavily wounded.
The gnoll misses you.
You hit the gnoll bouda but do no damage.
The gnoll bouda is heavily wounded.
The gnoll bouda completely misses you.
Your cerulean imp hits the gnoll bouda from afar with a -4 spear.
The gnoll hits you from afar with a +0 halberd!
* * * LOW HITPOINT WARNING * * *
The gnoll hits you with a +0 whip.
You die...

#...# #...# #...#
#...# # +...# #'#
#...# ... #..g##...#
#...#..ggs.5.#
#...#...#g...#
#..#########'#
+..##..###...#
#......#..##........#
#......#..##........#
#......#...'..##....#
#......#...#..##....#
#......#'#######....#


You could see a gnoll bouda (very poisoned, ally target), 3 gnolls and a
friendly cerulean imp (summoned).

Vanquished Creatures
  A black bear (D:3)
  An orc wizard (D:3)
  5 gnolls
  7 adders
  A worm (D:2)
  2 dart slugs
  5 orcs (D:3)
  8 bats
  6 endoplasms
  8 giant cockroaches
  9 goblins
  6 hobgoblins
  A quokka (D:1)
  4 ball pythons
  5 frilled lizards
  9 kobolds
  7 rats
85 creatures vanquished.

Notes
Turn   | Place    | Note
-------+----------+-------------------------------------------
     0 | D:1      | sanka the Deep Elf Transmuter began the quest for the Orb.
     0 | D:1      | Reached XP level 1. HP: 11/11 MP: 6/6
   395 | D:1      | Reached skill level 4 in Spellcasting
   395 | D:1      | Reached XP level 2. HP: 16/16 MP: 7/9
  1091 | D:1      | Reached XP level 3. HP: 20/20 MP: 9/11
  1250 | D:2      | Reached skill level 5 in Spellcasting
  1616 | D:1      | Reached XP level 4. HP: 5/24 MP: 13/13
  1699 | D:1      | Learned a level 3 spell: Spider Form
  1808 | D:2      | Reached skill level 6 in Spellcasting
  2104 | D:2      | Reached skill level 1 in Poison Magic
  2424 | D:2      | Found a faded altar of an unknown god.
  2613 | D:2      | Reached XP level 5. HP: 20/28 MP: 13/15
  3506 | D:3      | Noticed a black bear
  3581 | D:3      | Reached skill level 7 in Spellcasting
  3661 | D:3      | Identified the +1 trident "Tuolui" {drain, rPois rC+ Str+3
                  | Int-3}
  3739 | D:3      | Learned a level 2 spell: Momentum Strike
  3959 | D:3      | Learned a level 2 spell: Call Imp
  3973 | D:3      | Killed a black bear
  3974 | D:3      | Reached XP level 6. HP: 26/33 MP: 9/18
  4102 | D:4      | You fall into a shaft and drop 2 floors!
  4155 | D:6      | Slain by a gnoll

Illustrated notes

Levels and vault maps discovered:
D:1:      ncdulo_lavacross, layout_loops_corners, minmay_unequal
D:2:      layout_loops_corners, ebering_ecumenical_altar_box, minmay_hexomino_u4
D:3:      layout_loops_ring
D:4:      kennysheep_six_static_rooms, layout_rooms, minmay_temple_entry_trees
D:6:      layout_gridville, chequers_temple_overflow_statue_of_worship

Skill      XL: |  1  2  3  4  5 |
---------------+----------------+-----
Spellcasting   | 4 5 6 7 |  7.9
Poison Magic   | 1 2 |  2.0
Transmutations | 3 |  3.0
Fighting       | |  0.8
Dodging        | |  2.4
Unarmed Combat | |  2.4

Action                     |  1- 3 |  4- 6 || total
---------------------------+-------+-------++-------
  Melee: Unarmed           |   100 |   142 ||   242
         Headbutt          |    13 |    29 ||    42
         Kick              |    28 |    48 ||    76
         Punch             |     1 |       ||     1
   Cast: Beastly Appendage |    24 |    34 ||    58
         Spider Form       |       |     3 ||     3
         Momentum Strike   |       |     2 ||     2
         Call Imp          |       |     1 ||     1
   Stab: Sleeping          |     2 |       ||     2
 Armour: Robe              |    23 |    20 ||    43
  Dodge: Dodged            |    56 |    77 ||   133
